 Dungeon Sprint DCSS version 0.28.0-53-g5a82cb258f (webtiles) character file.

Game seed: 5432585488283416705

725 Zeld the Cleaver (level 7, -10/112 HPs)
             Began as a Minotaur Berserker on June 7, 2022.
             Was a Priest of Trog.
             Killed from afar by an oklob plant (22 damage)
             ... with a splash of acid
             ... in the Dungeon (Sprint IV: "Fedhas' Mad Dash").
             The game lasted 00:01:11 (1996 turns).

Zeld the Cleaver (Minotaur Berserker)               Turns: 1996, Time: 00:01:12

Health: -10/112    AC: -5    Str: 23    XL:     7   Next: 43%
Magic:  5/6        EV: 14    Int:  4    God:    Trog [***...]
Gold:   82         SH:  0    Dex: 10    Spells: 6/6 levels left

rFire   . . .      SeeInvis .   a - +0 hand axe
rCold   . . .      Faith    .   (no shield)
rNeg    . . .      Spirit   .   b - +0 animal skin
rPois   .          Reflect  .   (helmet restricted)
rElec   .          Harm     .   (no cloak)
rCorr   .          Rampage  .   (no gloves)
Will    .....      NoTele   +   (no boots)
Stlth   ..........              j - amulet of invisibility {+Inv}
HPRegen 0.28/turn               (no ring)
MPRegen 0.10/turn               (no ring)

@: berserking, corroded, very slightly contaminated, invisible, very quick
A: horns 2, retaliatory headbutt
a: Renounce Religion, Evoke Invisibility, Berserk, Trog's Hand


You were in the Dungeon.
You worshipped Trog.
Trog was most pleased with you.
You visited 1 branch You collected 82 gold pieces.

Inventory:

Hand Weapons
 a - a +0 hand axe (weapon)
Armour
 b - a +0 animal skin (worn)
Jewellery
 j - the amulet of invisibility (around neck) {+Inv}
   (You found it in the Dungeon)

   [amulet of nothing]

   +Inv:      It lets you turn invisible.
Potions
 c - a potion of curing
 d - a potion of heal wounds
 e - a potion of haste
 f - 2 potions of magic
 g - a potion of berserk rage
 i - a potion of invisibility {unknown}


   Skills:
 * Level 11.8 Fighting
 * Level 11.9 Axes
 + Level 8.2 Armour
 + Level 7.6 Dodging


You had 6 spell levels left.
You didn't know any spells.
Your spell library was empty.

Dungeon Overview and Level Annotations

Branches:
Dungeon (1/1)

Altars:

Annotations:
D exclusion: oklob plant


Innate Abilities, Weirdness & Mutations

You have a pair of horns on your head.
You reflexively headbutt those who attack you in melee.


Message History

You are very lightly contaminated with residual magic.
You are already invisible!
You are already invisible!
You are already invisible!
Really walk into a travel-excluded area?
There is an open door here.
The oklob plant spits acid at you. The splash of acid hits you!
The acid corrodes you!
A red film seems to cover your vision as you go berserk!
You feel yourself moving faster!
You feel mighty! The oklob plant spits acid at you.
The splash of acid hits you!!
You hit the oklob plant.
The oklob plant is lightly damaged.
The oklob plant spits acid at you. The splash of acid hits you!!
You slash the oklob plant! You headbutt the oklob plant.
The oklob plant is moderately damaged.
You are too injured to fight recklessly!
You catch the helpless oklob plant completely off-guard!
You hit the oklob plant.
The oklob plant is moderately damaged.
You are too injured to fight recklessly!
You slash the oklob plant!
The oklob plant is heavily damaged.
You completely miss the oklob plant. You headbutt the oklob plant!
The oklob plant is severely damaged.
The oklob plant spits acid at you. The splash of acid hits you!!
* * * LOW HITPOINT WARNING * * *
The acid corrodes you!
You catch the helpless oklob plant completely off-guard!
You hit the oklob plant but do no damage.
The oklob plant is severely damaged.
You hit the oklob plant but do no damage.
You headbutt the oklob plant, but do no damage.
The oklob plant is severely damaged.
The oklob plant spits acid at you. The splash of acid hits you!!
You die...

#<..P#.....#.....#
#PP..'.)...'.#[..+
#PPPP#.....#.#...#
###############'##
#...♣........'...#
#......♣.....#...#
#.....♣..♣..######
##'####'#####
#$@#....+
#P(#.[### #######


You could see an oklob plant.

Vanquished Creatures
  A burning bush (D)
  A queen bee (D)
  A scorpion (D)
  4 killer bees (D)
  2 oklob saplings (D)
  A river rat (D)
  A rat (D)
11 creatures vanquished.

Vanquished Creatures (others)
  5 fungi (D)
5 creatures vanquished.

Grand Total: 16 creatures vanquished

Notes
Turn   | Place    | Note
-------+----------+-------------------------------------------
     0 | D        | Zeld the Minotaur Berserker began the quest for the Orb.
     0 | D        | Reached XP level 1. HP: 19/19 MP: 0/0
    10 | D        | Reached XP level 2. HP: 24/28 MP: 1/1
   164 | D        | Noticed an oklob sapling
   168 | D        | Killed an oklob sapling
   168 | D        | Reached ** piety under Trog
   169 | D        | Reached skill level 5 in Fighting
   169 | D        | Reached skill level 5 in Axes
   169 | D        | Reached XP level 3. HP: 5/36 MP: 2/2
   430 | D        | Noticed a scorpion
   430 | D        | Found the amulet of invisibility {+Inv}
   438 | D        | Killed a scorpion
   439 | D        | Reached XP level 4. HP: 38/47 MP: 3/3
   944 | D        | Reached skill level 5 in Armour
  1120 | D        | Noticed a queen bee
  1121 | D        | Noticed a burning bush
  1132 | D        | Killed a burning bush
  1133 | D        | Reached skill level 10 in Fighting
  1133 | D        | Reached skill level 10 in Axes
  1133 | D        | Reached XP level 5. HP: 34/58 MP: 2/4
  1133 | D        | Reached XP level 6. HP: 39/66 MP: 2/5
  1416 | D        | Reached *** piety under Trog
  1418 | D        | Killed a queen bee
  1419 | D        | Reached XP level 7. HP: 75/75 MP: 3/6
  1569 | D        | Noticed an oklob plant
  1996 | D        | Killed from afar by an oklob plant

Illustrated notes

Levels and vault maps discovered:
D:        dungeon_sprint_fedhas [sprint_temple]

Skill      XL: |  1  2  3  4  5  6 |
---------------+-------------------+-----
Fighting       | 4 5 7 10 11 | 11.8
Axes           | 4 5 7 10 11 | 11.9
Armour         | 3 4 6 8 |  8.2
Dodging        | 3 4 6 7 |  7.6

Action                   |  1- 3 |  4- 6 |  7- 9 || total
-------------------------+-------+-------+-------++-------
Melee: Hand axe          |    12 |    18 |    21 ||    51
       Headbutt          |     4 |     4 |     6 ||    14
Invok: Berserk           |     2 |     2 |     2 ||     6
 Abil: Evoke Invisibilit |       |     3 |     1 ||     4
  Use: Scroll            |       |       |     1 ||     1
 Stab: Sleeping          |       |     1 |       ||     1
       Invisible         |       |     2 |     2 ||     4
Dodge: Dodged            |     3 |    13 |       ||    16
